 Dungeon Crawl Stone Soup version 0.19.5 (webtiles) character file.

51486 JeffiDaFish the Covert (level 14, -10/65 (70) HPs)
             Began as a Spriggan Conjurer on Nov 7, 2017.
             Was a High Priest of Sif Muna.
             Splashed by an oklob plant's acid (16 damage)
             ... on level 3 of the Lair of Beasts.
             The game lasted 02:03:48 (28278 turns).

JeffiDaFish the Covert (Spriggan Conjurer)         Turns: 28278, Time: 02:03:51

HP:   -10/65 (70)   AC:  3    Str:  4      XL:     14   Next: 23%
MP:   30/30         EV: 29    Int: 20      God:    Sif Muna [*****.]
Gold: 1542          SH:  2    Dex: 19 (20) Spells: 9 memorised, 5 levels left

rFire  + . .     SeeInvis +     l - +8 dagger (drain)
rCold  . . .     Gourm    .     j - +2 robe {rF+}
rNeg   . . .     Faith    .     (shield restricted)
rPois  .         Spirit   .     (helmet restricted)
rElec  .         Reflect  +     e - +2 cloak
rCorr  .         Harm     .     (gloves unavailable)
MR     +++..                    (boots unavailable)
Stlth  ++++++....               y - +2 amulet of reflection
                                t - ring of wizardry
                                h - ring of protection from magic

@: corroded, very quick
A: unfitting armour, antennae 1, hooves 1, see invisible, clever 1,
deterioration 1, herbivore 3, speed 3, slow metabolism 2
a: Divine Energy, Channel Magic, Forget Spell, Renounce Religion


You were on level 3 of the Lair of Beasts.
You worshipped Sif Muna.
Sif Muna was extremely pleased with you.
You were not hungry.

You visited 3 branches of the dungeon, and saw 19 of its levels.
You also visited: Labyrinth.

You collected 1542 gold pieces.

Inventory:

Hand Weapons
 l - a +8 dagger of draining (weapon)
 C - a +2 rapier of electrocution
Armour
 b - a +2 cloak
 e - a +2 cloak (worn)
 j - a +2 robe of fire resistance (worn)
Jewellery
 f - an uncursed ring of flight
 h - a ring of protection from magic (left hand)
 t - a ring of wizardry (right hand)
 y - a +2 amulet of reflection (around neck)
 z - an uncursed ring of protection from cold
Scrolls
 k - 12 scrolls of identify
 m - 5 scrolls of remove curse
 q - 5 scrolls of teleportation
 s - a scroll of summoning
 u - 2 scrolls of recharging
 v - 2 scrolls of fog
 x - a scroll of fear
 E - 2 scrolls of magic mapping
 H - 2 scrolls of blinking
Potions
 a - 4 potions of brilliance
 d - 5 potions of agility
 g - 2 potions of flight
 i - 9 potions of curing
 n - 2 potions of cure mutation
 o - a potion of heal wounds
 w - a potion of might
 A - 2 potions of resistance
 G - a potion of haste
 I - a potion of ambrosia
Books
 p - a book of Flames

   Spells                             Type                      Level
   a - Flame Tongue                   Conjuration/Fire             1
   b - Throw Flame                    Conjuration/Fire             2
   c - Conjure Flame                  Conjuration/Fire             3
   d - Inner Flame                    Hexes/Fire                   3
   e - Sticky Flame                   Conjuration/Fire             4
   f - Fireball                       Conjuration/Fire             5
 D - a book of Enchantments

   Spells                             Type                      Level
   a - Cause Fear                     Hexes                        4
   b - Yara's Violent Unravelling     Hexes/Transmutation          5
   c - Silence                        Hexes/Air                    5
   d - Deflect Missiles               Charms/Air                   6
   e - Discord                        Hexes                        8
Comestibles
 c - 10 bread rations
 r - 11 fruits
 B - 5 slices of pizza


   Skills:
 + Level 6.4 Fighting
 + Level 10.3 Short Blades
 + Level 12.2 Dodging
 + Level 14.1 Stealth
 + Level 11.7 Spellcasting
 + Level 7.4 Conjurations
 + Level 8.7 Hexes
   Level 1.5 Charms
 - Level 7.2 Transmutations
 + Level 6.5 Air Magic
 - Level 5.0 Earth Magic


You had 5 spell levels left.
You knew the following spells:

 Your Spells              Type           Power        Failure   Level  Hunger
a - Magic Dart            Conj           ####         1%          1    None
b - Cause Fear            Hex            #####.....   1%          4    #......
c - Dazzling Spray        Conj/Hex       #####.       1%          3    None
d - Stone Arrow           Conj/Erth      #####.       1%          3    None
e - Lightning Bolt        Conj/Air       #####.....   4%          5    ####...
f - Iskenderun's Mystic   Conj           #####...     1%          4    #......
g - Yara's Violent Unrav  Hex/Tmut       #####.....   4%          5    ####...
h - Blink                 Tloc           N/A          4%          2    None
i - Fulminant Prism       Conj/Hex       #####.....   1%          4    #......


Dungeon Overview and Level Annotations

Branches:
Dungeon (12/15)            Temple (1/1) D:5            Lair (6/6) D:11
  Swamp (0/4) Lair:2        Snake (0/4) Lair:3        Slime (0/5) Lair:6
    Orc (0/2) D:9

Altars:
Ashenzari
Cheibriados
Dithmenos
Elyvilon
Fedhas
Gozag
Hepliaklqana
Kikubaaqudgha
Makhleb
Nemelex Xobeh
Okawaru
Qazlal
Ru
Sif Muna
Trog
Uskayaw
Vehumet
Xom
Yredelemnul
Zin
The Shining One
Beogh

Shops:
D:4 :

Annotations:
Lair:2 JeffiDaFish's ghost, journeyman GrFi
Lair:3 exclusion: 3 oklob plants


Innate Abilities, Weirdness & Mutations

You are very small and have problems with some larger weapons.
You are too small for most types of armour.
You have supernaturally acute eyesight. (SInv)
You are a herbivore.
You cover ground extremely quickly.
You need consume almost no food.
You have a pair of small antennae on your head.
You have large cloven feet.
Your mind is acute. (Int +2)
Your body sometimes deteriorates upon taking damage.


Message History

There is a stone staircase leading up here.
You climb upwards.
Level annotation: exclusion: 3 oklob plants The oklob plant spits acid at you.
The splash of acid hits you! The acid corrodes you!
You are splashed with acid!
The acid burns!
Found two stone staircases leading down.
There is a stone staircase leading down here.
Unknown command.
There is a stone staircase leading down here.
The oklob plant spits acid at you. The splash of acid misses you.
There is a stone staircase leading down here.
The oklob plant spits acid at you. The splash of acid hits you!
You are splashed with acid!
The acid burns!
The oklob plant spits acid at you. The splash of acid hits you!
* * * LOW HITPOINT WARNING * * *
You are splashed with acid!
The acid burns!
You die...

# #### ### ###
####..####.#############.####
............%..............P#
....#...#.......#.##.#...P.#
........#.#.......##.....#.#
..................#........#
..........#############....#
......#...# #>@># #..#.#
........(.#####...#####....#
..........#.≈≈.....≈≈.#..#.#
..#.......#P≈.......≈.#....##
......#...#P≈.......≈.#.....#
P.........#P≈.......≈.##...##
.>P...P...#P≈.......≈P#....#
P.#.#.....#.≈≈.....≈≈P##.#..#
..#.......######'######..#.##


You could see 3 oklob plants.

Vanquished Creatures
  Snorg (Lair:5)
  A minotaur (Lab)
  2 fire dragons (Lair:6)
  6 hydras
  A catoblepas (Lair:2)
  An anaconda (Lair:5)
  3 hill giants
  2 unseen horrors (D:10)
  4 lindwurms (Lair:6)
  Joseph (Lair:1)
  4 elephants
  8 black mambas
  5 torpor snails (Lair:6)
  9 spiny frogs
  5 rime drakes
  A kobold demonologist (D:11)
  5 komodo dragons
  2 trolls
  A tyrant leech (Lair:6)
  A two-headed ogre (D:12)
  The ghost of duckroller the Ruffian, an amateur DrTm of Yredelemnul (D:4)
  7 hornets (Lair:6)
  13 blink frogs
  7 hippogriffs
  2 slime creatures (Lair:6)
  7 dream sheep
  2 wyverns
  31 yaks
  Eustachio (D:4)
  A vampire (D:12)
  Menkaure (D:7)
  3 hungry ghosts
  Grum (D:8)
  A steam dragon (D:8)
  5 basilisks
  8 vampire mosquitoes (Lair:2)
  3 mottled dragons (Lair:6)
  20 water moccasins
  An orc warrior (D:6)
  9 porcupines
  2 ice beasts (D:6)
  2 sky beasts
  A swamp drake (Lair:6)
  2 black bears (D:10)
  4 ogres
  The ghost of XNoize the Firebug, an amateur DgFE (D:3)
  A necrophage (D:7)
  10 wolves
  3 centaurs
  30 crocodiles
  5 big kobolds
  18 bullfrogs
  7 scorpions
  3 killer bees (D:11)
  3 wights (D:8)
  4 howler monkeys
  5 electric eels
  A bullfrog zombie (D:6)
  3 crimson imps
  2 centaur zombies
  5 jellies
  3 orc priests
  9 hounds
  3 centaur skeletons
  Jessica (D:3)
  4 bullfrog skeletons
  5 iguanas
  Ijyb (D:3)
  Terence (D:3)
  4 hell rats (Lair:1)
  3 orc wizards
  7 worker ants
  2 hound skeletons (D:6)
  2 worker ant zombies
  4 gnolls (D:8)
  23 adders
  2 oozes
  2 adder skeletons
  5 worms
  2 dart slugs
  7 leopard geckos
  31 orcs
  4 ball pythons
  7 bats
  6 giant cockroaches
  4 hobgoblins
  10 jackals
  5 quokkas
  4 frilled lizards
  13 goblins
  11 kobolds
  A quokka zombie (D:5)
  18 rats
  3 fungi
  A plant (Lair:6)
507 creatures vanquished.

Vanquished Creatures (collateral kills)
  3 goblins (D:11)
3 creatures vanquished.

Vanquished Creatures (others)
  21 fulminant prisms
  21 fungi
  45 plants
87 creatures vanquished.

Grand Total: 597 creatures vanquished

Notes
Turn   | Place    | Note
-------+----------+-------------------------------------------
     0 | D:1      | JeffiDaFish the Spriggan Conjurer began the quest for the Orb.
     0 | D:1      | Reached XP level 1. HP: 9/9 MP: 5/5
    40 | D:1      | Found a roughly hewn altar of Beogh.
    40 | D:1      | Noticed an orc warrior
   186 | D:1      | Noticed an orc wizard
   475 | D:1      | Reached XP level 2. HP: 13/13 MP: 3/6
   603 | D:1      | Learned a level 2 spell: Searing Ray
  1034 | D:1      | Found a shattered altar of Ashenzari.
  1399 | D:2      | Reached XP level 3. HP: 16/16 MP: 2/8
  1441 | D:2      | Reached skill level 1 in Short Blades
  1641 | D:2      | Learned a level 3 spell: Dazzling Spray
  2561 | D:2      | Reached XP level 4. HP: 21/21 MP: 7/9
  2879 | D:3      | Noticed Ijyb
  3089 | D:3      | Killed Ijyb
  3123 | D:3      | Reached XP level 5. HP: 22/25 MP: 1/11
  3409 | D:3      | Noticed Jessica
  3414 | D:3      | Killed Jessica
  3543 | D:3      | Noticed XNoize's ghost (amateur DgFE)
  3549 | D:3      | Noticed Terence
  3756 | D:3      | Killed XNoize's ghost
  3756 | D:3      | Reached skill level 4 in Stealth
  3756 | D:3      | Reached XP level 6. HP: 29/29 MP: 2/14
  3786 | D:3      | Found a glowing golden altar of the Shining One.
  3787 | D:3      | Found a glowing silver altar of Zin.
  3864 | D:3      | Found a radiant altar of Vehumet.
  3874 | D:3      | Found an ancient bone altar of Kikubaaqudgha.
  3920 | D:3      | Killed Terence
  3925 | D:3      | Found a basalt altar of Yredelemnul.
  3937 | D:3      | Found a blossoming altar of Fedhas.
  4127 | D:3      | Reached skill level 1 in Fighting
  4321 | D:3      | Found a glowing golden altar of the Shining One.
  4400 | D:4      | Noticed duckroller's ghost (amateur DrTm)
  4438 | D:4      | Found Feamp's Book Emporium.
  4458 | D:4      | Reached skill level 5 in Spellcasting
  4830 | D:4      | Noticed a moth of wrath
  4832 | D:4      | Noticed Eustachio
  4837 | D:4      | Found a bloodstained altar of Trog.
  4868 | D:4      | Killed Eustachio
  4868 | D:4      | Reached skill level 5 in Dodging
  4868 | D:4      | Reached XP level 7. HP: 19/33 MP: 5/15
  5079 | D:4      | Reached skill level 1 in Hexes
  5833 | D:4      | Killed duckroller's ghost
  5833 | D:4      | Reached XP level 8. HP: 18/37 MP: 1/18
  6247 | D:5      | Entered Level 5 of the Dungeon
  6252 | D:5      | Reached skill level 5 in Stealth
  6362 | D:5      | Found a staircase to the Ecumenical Temple.
  6415 | Temple   | Entered the Ecumenical Temple
  6497 | Temple   | Became a worshipper of Sif Muna the Loreminder
  6913 | D:5      | You fall through a shaft for 2 floors!
  6983 | D:7      | Reached * piety under Sif Muna
  7328 | D:6      | Reached skill level 5 in Short Blades
  7396 | D:6      | Reached skill level 6 in Stealth
  7626 | D:6      | Reached XP level 9. HP: 42/42 MP: 21/21
  7946 | D:6      | Reached skill level 7 in Stealth
  8550 | D:7      | Noticed Menkaure
  8554 | D:7      | Killed Menkaure
  8625 | D:7      | Reached skill level 8 in Stealth
  8796 | D:7      | Learned a level 3 spell: Stone Arrow
  9177 | D:7      | Reached skill level 5 in Conjurations
  9268 | D:8      | Noticed Grum
  9292 | D:8      | Killed Grum
  9292 | D:8      | Reached skill level 9 in Stealth
  9620 | D:8      | Reached ** piety under Sif Muna
 10343 | D:8      | Reached skill level 10 in Stealth
 10343 | D:8      | Reached XP level 10. HP: 28/48 MP: 20/23
 10720 | D:9      | Found a bloodstained altar of Trog.
 10820 | D:9      | Found a staircase to the Orcish Mines.
 10837 | D:9      | Found a stormy altar of Qazlal.
 11542 | D:9      | Reached skill level 11 in Stealth
 11563 | D:9      | Noticed a three-headed hydra
 11887 | D:10     | Entered Level 10 of the Dungeon
 11969 | D:10     | Learned a level 5 spell: Lightning Bolt
 11972 | D:10     | Learned a level 2 spell: Swiftness
 12152 | D:9      | Reached skill level 1 in Air Magic
 12393 | D:10     | Learned a level 5 spell: Yara's Violent Unravelling
 12572 | D:10     | Noticed a hill giant
 12583 | D:10     | Killed a hill giant
 12583 | D:10     | Reached XP level 11. HP: 41/53 MP: 1/25
 12795 | D:10     | Noticed an unseen horror
 12807 | D:10     | Killed an unseen horror
 12807 | D:10     | Reached skill level 1 in Transmutations
 12872 | D:10     | Reached skill level 1 in Earth Magic
 13000 | D:10     | Noticed an unseen horror
 13006 | D:10     | Killed an unseen horror
 13006 | D:10     | Reached *** piety under Sif Muna
 13006 | D:10     | Reached skill level 12 in Stealth
 13006 | D:10     | Reached skill level 1 in Charms
 13156 | D:10     | Learned a level 2 spell: Blink
 13266 | D:10     | Gained mutation: Your body sometimes deteriorates upon taking damage. [potion of mutation]
 13266 | D:10     | Gained mutation: You have a pair of small antennae on your head. [potion of mutation]
 13266 | D:10     | Gained mutation: You have large cloven feet. [potion of mutation]
 13391 | D:11     | Found a staircase to the Lair.
 13796 | D:11     | Reached skill level 10 in Dodging
 13922 | D:11     | Found a radiant altar of Vehumet.
 13941 | D:11     | Learned a level 4 spell: Iskenderun's Mystic Blast
 13990 | D:11     | Found a flagged portal.
 14578 | D:11     | Noticed a hill giant
 14581 | D:11     | Killed a hill giant
 14810 | D:12     | Found a labyrinth entrance.
 14820 | D:12     | Reached **** piety under Sif Muna
 14854 | Lab      | Entered a labyrinth
 15080 | Lab      | Noticed a minotaur
 15091 | Lab      | Killed a minotaur
 15132 | D:12     | Noticed a hill giant
 15138 | D:12     | Killed a hill giant
 15200 | D:12     | Reached skill level 5 in Hexes
 15226 | D:12     | Paralysed by a hornet for 1 turns
 15691 | Lair:1   | Entered Level 1 of the Lair of Beasts
 15760 | Lair:1   | Noticed a five-headed hydra
 15927 | Lair:1   | Killed a five-headed hydra
 15927 | Lair:1   | Reached skill level 10 in Spellcasting
 15968 | Lair:1   | Learned a level 4 spell: Fulminant Prism
 16110 | Lair:1   | Reached XP level 12. HP: 57/58 MP: 17/27
 16374 | Lair:1   | Gained mutation: Your mind is acute. (Int +2) [potion of beneficial mutation]
 16405 | Lair:1   | Noticed Joseph
 16414 | Lair:1   | Killed Joseph
 16980 | Lair:2   | Noticed JeffiDaFish's ghost (journeyman GrFi)
 17237 | Lair:2   | Reached ***** piety under Sif Muna
 17242 | Lair:2   | Identified Oze Gih's Disquisition on Unstable Black Arts (Sif Muna gifted it to you on level 2 of the Lair of Beasts)
 17242 | Lair:2   | Received a gift from Sif Muna
 17695 | Lair:2   | Reached skill level 13 in Stealth
 17910 | Lair:2   | Found a staircase to the Swamp.
 18006 | Lair:2   | Reached skill level 5 in Fighting
 18097 | Lair:1   | Reached skill level 5 in Transmutations
 18273 | Lair:2   | Noticed a catoblepas
 18634 | Lair:2   | Killed a catoblepas
 19321 | Lair:3   | Found a staircase to the Snake Pit.
 19459 | Lair:3   | Noticed a seven-headed hydra
 19533 | Lair:3   | Reached skill level 5 in Air Magic
 20549 | Lair:3   | Noticed an eight-headed hydra
 20568 | Lair:3   | Killed an eight-headed hydra
 20568 | Lair:3   | Reached XP level 13. HP: 63/63 MP: 4/28
 20712 | Lair:3   | Received a gift from Sif Muna
 23024 | Lair:5   | Learned a level 4 spell: Cause Fear
 23030 | Lair:5   | Identified a scroll of acquirement
 23030 | Lair:5   | Identified the Reference Book on Helpful Conjuration (You acquired it on level 5 of the Lair of Beasts)
 23065 | Lair:5   | Noticed Snorg
 23081 | Lair:5   | Killed Snorg
 23331 | Lair:6   | Entered Level 6 of the Lair of Beasts
 25379 | Lair:5   | Reached skill level 5 in Earth Magic
 25498 | Lair:6   | Received a gift from Sif Muna
 25521 | Lair:6   | Reached skill level 10 in Short Blades
 26246 | Lair:6   | Noticed a fire dragon
 26517 | Lair:6   | Killed a fire dragon
 26517 | Lair:6   | Reached skill level 14 in Stealth
 26625 | Lair:6   | Reached XP level 14. HP: 70/70 MP: 16/30
 26903 | Lair:6   | Found a runed door.
 27368 | Lair:6   | Found a staircase to the Slime Pits.
 28278 | Lair:3   | Splashed by an oklob plant's acid

Skill      XL: |  1  2  3  4  5  6  7  8  9 10 11 12 13 14 |
---------------+-------------------------------------------+-----
Conjurations   | 3 4 5 6 7 |  7.4
Short Blades   | 1 2 3 4 5 7 8 9 10 | 10.3
Spellcasting   | 3 4 5 6 7 8 9 10 11 | 11.7
Dodging        | 4 5 6 7 8 9 10 11 12 | 12.2
Stealth        | 4 6 10 11 12 13 14 | 14.1
Fighting       | 1 2 3 4 5 6 |  6.4
Hexes          | 2 3 4 5 7 8 |  8.7
Air Magic      | 1 3 5 6 |  6.5
Transmutations | 4 5 7 |  7.2
Earth Magic    | 2 4 5 |  5.0
Charms         | 1 |  1.5

Action                   |  1- 3 |  4- 6 |  7- 9 | 10-12 | 13-15 || total
-------------------------+-------+-------+-------+-------+-------++-------
Melee: Unarmed           |    28 |       |       |       |       ||    28
       Dagger            |    17 |   109 |   354 |   509 |   485 ||  1474
       Short sword       |    83 |     7 |       |       |       ||    90
       Kick              |       |       |       |    65 |   130 ||   195
 Cast: Magic Dart        |    69 |    58 |    52 |    28 |    17 ||   224
       Dazzling Spray    |     2 |     8 |    26 |   133 |   145 ||   314
       Searing Ray       |       |    10 |    17 |     6 |     1 ||    34
       Stone Arrow       |       |       |    16 |    67 |    68 ||   151
       Lightning Bolt    |       |       |       |    18 |    21 ||    39
       Blink             |       |       |       |     4 |     7 ||    11
       Fulminant Prism   |       |       |       |    16 |     5 ||    21
       Iskenderun's Myst |       |       |       |    10 |     5 ||    15
       Yara's Violent Un |       |       |       |       |     1 ||     1
Evoke: Wand              |       |       |       |       |     3 ||     3
  Use: Potion            |     4 |     2 |    11 |     6 |       ||    23
       Scroll            |     3 |     5 |     5 |    19 |     4 ||    36
 Stab: Sleeping          |       |     2 |    19 |    28 |     3 ||    52
       Invisible         |       |       |     6 |    32 |    38 ||    76
       Distracted        |       |       |       |     7 |     2 ||     9
  Eat: Royal jelly       |       |     1 |       |       |       ||     1
       Fruit             |       |       |     3 |     4 |       ||     7
       Bread ration      |       |       |     1 |     1 |     2 ||     4
       Pizza             |       |       |       |     4 |       ||     4
Armor: Robe              |    23 |    20 |    29 |    33 |    35 ||   140
Dodge: Dodged            |   133 |   108 |   256 |   425 |   455 ||  1377
Block: Other             |       |       |       |     6 |    23 ||    29
